 Dungeon Crawl Stone Soup version 0.30-a0-637-gacddeb6d44 (webtiles) character file.

Game seed: 9003418647399819576

49 Leeroy the Ducker (level 3, -1/21 HPs)
             Began as a Tengu Warper on Jan 15, 2023.
             Was an Initiate of Vehumet.
             Slain by a kobold
             ... wielding a +0 whip
              (5 damage)
             ... on level 2 of the Dungeon.
             The game lasted 00:01:41 (949 turns).

Leeroy the Ducker (Tengu Warper)                     Turns: 949, Time: 00:01:42

Health: -1/21      AC:  3    Str: 11    XL:     3   Next: 77%
Magic:  7/7        EV: 13    Int: 13    God:    Vehumet [......]
Gold:   46         SH:  0    Dex: 15    Spells: 4/6 levels left

rFire   . . .      SeeInvis .    i - +3 dagger
rCold   . . .      Faith    .    (no shield)
rNeg    . . .      Spirit   .    b - +0 leather armour
rPois   .          Reflect  .    (helmet restricted)
rElec   .          Harm     .    (no cloak)
rCorr   .          Rampage  .    (no gloves)
Will    .....                    (boots unavailable)
Stlth   +                        (no amulet)
HPRegen 0.23/turn                (no ring)
MPRegen 0.10/turn                (no ring)

@: no status effects
A: beak, talons 3
a: Renounce Religion


You were on level 2 of the Dungeon.
You worshipped Vehumet.
Vehumet was noncommittal.
You visited 1 branch of the dungeon, and saw 2 of its levels.

You collected 46 gold pieces.

Inventory:

Hand Weapons
 a - a +0 falchion
 i - a +3 dagger (weapon)
Missiles
 d - 7 boomerangs of dispersal (quivered)
Armour
 b - a +0 leather armour (worn)
Jewellery
 g - a ring of willpower
Scrolls
 c - 2 scrolls of blinking
 f - a scroll of teleportation {unknown}
 m - a scroll of immolation {unknown}
 n - a scroll of noise {unknown}
Potions
 e - a potion of magic {unknown}
 h - a potion of attraction {unknown}
 j - a potion of curing {unknown}
 k - a potion of ambrosia {unknown}
 l - a potion of mutation {unknown}


   Skills:
 - Level 2.0 Fighting
 - Level 2.1 Long Blades
 - Level 1.0 Throwing
 - Level 1.1 Armour
 + Level 4.4 Dodging
 - Level 2.0 Spellcasting
 - Level 2.4 Translocations


You had 4 spell levels left.
You knew the following spells:

 Your Spells              Type           Power      Damage    Failure   Level
a - Blink                 Tloc           14%        N/A       19%         2

Your spell library contained the following spells:

 Spells                   Type           Power      Damage    Failure   Level
 Lesser Beckoning         Tloc           14%        N/A       36%         3
 Teleport Other           Tloc           7%         N/A       36%         3
 Vhi's Electric Charge    Tloc/Air       8%         N/A       52%         3
 Manifold Assault         Tloc           7%         N/A       77%         4


Dungeon Overview and Level Annotations

Branches:
Dungeon (2/15)

Altars:
Vehumet


Innate Abilities, Weirdness & Mutations

You have a beak for a mouth.
You have claws for feet.


Message History

As you open the door, it creaks loudly!
No target in view!
There is an open door here.
Found a short sword.
m - a scroll labelled BOX CIPTUNEID No target in view!
c - 2 scrolls of blinking (gained 1)
n - a scroll labelled UDIOSA JUZA
There is an open door here.
A worm comes into view.
A worm is nearby!
The worm closely misses you.
You hit the worm.
The worm is lightly wounded.
You hit the worm. Your kick misses the worm.
The worm is moderately wounded.
The worm bites you.
A kobold comes into view. It is wielding a +0 whip.
The kobold shouts!
You hit the worm.
The worm is moderately wounded.
The worm bites you.
You hit the worm.
The worm is heavily wounded.
You hit the worm. Your kick misses the worm.
The worm is heavily wounded.
The worm bites you!
You are too injured to fight recklessly!
You are too injured to fight recklessly!
You are too injured to fight recklessly!
You are too injured to fight recklessly!
You are too injured to fight recklessly!
You hit the worm. Your kick misses the worm.
The worm is severely wounded.
You hit the worm.
The worm is almost dead.
The worm bites you.
* * * LOW HITPOINT WARNING * * *
The kobold hits you with a +0 whip.
You die...

.## ..# #.
.. #.. ..
#.. .#
#.#.. .#
#.#.##w##
#.#..@..#
##'#..K..#
#........#
#....##.##
#....# .#
.......
#.#....#
.. .......
#.#....#
###
.......
#.##'#.#
.)....)
#.##.#.#
.......


You could see a worm and a kobold.

Vanquished Creatures
  An adder (D:2)
  A worm (D:2)
  2 dart slugs (D:1)
  5 ball pythons
  2 bats (D:1)
  4 endoplasms (D:1)
  A giant cockroach (D:1)
  A goblin (D:2)
  2 hobgoblins (D:1)
  A quokka (D:2)
  4 frilled lizards (D:1)
  5 kobolds
  4 rats
33 creatures vanquished.

Notes
Turn   | Place    | Note
-------+----------+-------------------------------------------
     0 | D:1      | Leeroy the Tengu Warper began the quest for the Orb.
     0 | D:1      | Reached XP level 1. HP: 12/12 MP: 4/4
   112 | D:1      | Reached XP level 2. HP: 14/17 MP: 6/6
   116 | D:1      | Reached skill level 3 in Dodging
   119 | D:1      | Learned a level 2 spell: Blink
   395 | D:1      | Reached XP level 3. HP: 21/21 MP: 7/7
   734 | D:2      | Found a radiant altar of Vehumet.
   741 | D:2      | Reached skill level 4 in Dodging
   772 | D:2      | Became a worshipper of Vehumet
   949 | D:2      | Slain by a kobold

Illustrated notes

Levels and vault maps discovered:
D:1:      lightli_arrival_flooded_house, layout_rooms, minmay_quantized
D:2:      minmay_diamond_boxcup, layout_basic, basic_altar,
          kennysheep_generic_room_13

Skill      XL: |  1  2  3 |
---------------+----------+-----
Dodging        | 3 4 |  4.4
Fighting       | |  2.0
Long Blades    | |  2.1
Throwing       | |  1.0
Armour         | |  1.1
Spellcasting   | |  2.0
Translocations | |  2.4

Action                   || total
-------------------------++-------
Melee: Falchion          ||    70
       Kick              ||    15
       Peck              ||    10
       Dagger            ||    16
 Stab: Sleeping          ||     2
Armor: Leather armour    ||    19
Dodge: Dodged            ||    54

Table legend: (Time is in decaauts)
 A = Elapsed time spent in this place.
 B = Non-inter-level travel time spent in this place.
 C = Inter-level travel time spent in this place.
 D = Time resting spent in this place.
 E = Time spent auto-exploring this place.
 F = Levels seen in this place.
 G = Mean time per level.
                   A        B        C        D        E       F      G
               +--------+--------+--------+--------+--------+-----+--------+
         Total |    962 |    940 |     22 |      0 |    714 |   2 |  481.0 |
       Dungeon |    962 |    940 |     22 |      0 |    714 |   2 |  481.0 |
               +--------+--------+--------+--------+--------+-----+--------+

Top non-repeatable levels by time:
     D:1: 734 daAuts
     D:2: 228 daAuts
